 Dungeon Crawl Stone Soup version 0.27-a0-61-g21144fbd99 (webtiles) character file.

Game seed: 6505625466279921534

567 lessens the Poker (level 7, -3/93 HPs)
             Began as a Naga Abyssal Knight on Jan 8, 2021.
             Was a Priest of Lugonu.
             Slain by a hound (5 damage)
             ... on level 5 of the Dungeon.
             The game lasted 00:07:19 (5611 turns).

lessens the Poker (Naga Abyssal Knight)             Turns: 5611, Time: 00:07:20

Health: -3/93      AC:  5    Str: 15 (16) XL:     7   Next: 33%
Magic:  8/8        EV:  9    Int: 10 (12) God:    Lugonu [***...]
Gold:   208        SH:  0    Dex: 10 (11) Spells: 6/6 levels left

rFire    . . .     SeeInvis +   q - +0 trident
rCold    . . .     Faith    .   (no shield)
rNeg     + . .     Spirit   .   b - +0 leather armour
rPois    +         Reflect  .   o - +0 helmet
rElec    .         Harm     .   (no cloak)
rCorr    .         Rampage  .   (no gloves)
Will     .....                  (no barding)
Stlth    ..........             (no amulet)
HPRegen  0.25/turn              l - ring of positive energy
MPRegen  0.11/turn              (no ring)

@: mighty, brilliant, berserking, marked, flying, quick
A: large, see invisible, deformed body, poison resistance, slowness 2, spit
poison 1, AC +2
a: Spit Poison, Renounce Religion, Depart the Abyss, Bend Space, Banish


You were on level 5 of the Dungeon.
You worshipped Lugonu.
Lugonu was most pleased with you.
You visited 1 branch of the dungeon, and saw 5 of its levels.
You visited the Abyss 1 time.

You collected 208 gold pieces.

Inventory:

Hand Weapons
 a - a +1 spear
 q - a +0 trident (weapon)
Missiles
 c - 14 boomerangs
 d - 119 stones
 g - 37 poisoned darts
 x - 4 javelins
Armour
 b - a +0 leather armour (worn)
 o - a +0 helmet (worn)
 t - a +0 chain mail
Jewellery
 l - a ring of positive energy (left hand)
 p - an uncursed amulet of the acrobat {unknown}
Wands
 u - a wand of acid (9)
 z - a wand of disintegration (17)
Scrolls
 e - a scroll of enchant weapon {unknown}
 j - a scroll of immolation {unknown}
 k - 5 scrolls of identify {unknown}
 r - 7 scrolls of remove curse {unknown}
 s - 2 scrolls of enchant armour {unknown}
 v - 2 scrolls of teleportation {unknown}
 y - a scroll of noise {unknown}
Potions
 f - a potion of resistance {unknown}
 h - a potion of brilliance
 i - a potion of flight
 m - 3 potions of degeneration
 n - a potion of might


   Skills:
 - Level 3.1 Fighting
 + Level 7.6 Polearms
 - Level 1.7 Armour
 - Level 1.0 Dodging
 - Level 2.2 Invocations


You had 6 spell levels left.
You didn't know any spells.
Your spell library was empty.

Dungeon Overview and Level Annotations

Branches:
Dungeon (5/15)
 Temple: D:4-7

Altars:
Hepliaklqana
Vehumet
Xom
The Shining One


Innate Abilities, Weirdness & Mutations

You cannot wear boots.
Your serpentine skin is tough. (AC +2)
You have supernaturally acute eyesight. (SInv)
Armour fits poorly on your strangely shaped body.
Your system is resistant to poisons. (rPois)
You cover ground very slowly.
You can spit poison.


Message History

You puncture the white imp!
The white imp is almost dead.
The hound barely misses you.
You closely miss the white imp.
The white imp is almost dead.
The hound barely misses you.
The white imp hits you but does no damage.
You closely miss the white imp.
The white imp is almost dead.
The hound barely misses you.
You puncture the white imp!
You kill the white imp!
Lugonu accepts your kill. The hound completely misses you.
You puncture the hound!
You kill the hound!
Lugonu accepts your kill.
A white imp comes into view.
You barely miss the hound. The hound bites you.
You die...

#.####### .........
#.......# #.......#
#.......#
.......5########
......Z.5......##
#.#.####h###....#
#@# ....# #.# .^.#
#.####.#####.####
.................#
........#####..#.#
................<##
#############.....#
#..#.## #..#.#


You could see a hound, a white imp and a shadow imp.

Vanquished Creatures
  Eustachio (D:4)
  A hound (D:5)
  2 orc priests
  3 orc wizards (D:3)
  A worker ant (D:3)
  A hound skeleton (D:5)
  7 adders
  A white imp (D:5)
  4 oozes
  An adder skeleton (D:4)
  3 dart slugs
  2 worms
  A leopard gecko (D:4)
  20 orcs
  6 bats
  2 giant cockroaches
  17 goblins
  6 hobgoblins
  8 jackals
  2 quokkas (D:3)
  6 frilled lizards
  3 kobolds
  6 rats
104 creatures vanquished.

Notes
Turn   | Place    | Note
-------+----------+-------------------------------------------
     0 | Abyss:1  | lessens the Naga Abyssal Knight began the quest for the
                  | Orb.
     0 | Abyss:1  | Reached XP level 1. HP: 21/21 MP: 2/2
    30 | D:1      | Escaped the Abyss
   416 | D:1      | Reached skill level 1 in Dodging
   416 | D:1      | Reached XP level 2. HP: 26/28 MP: 3/3
  1237 | D:2      | Reached XP level 3. HP: 33/34 MP: 4/4
  1343 | D:2      | Reached skill level 3 in Polearms
  1391 | D:2      | Found a shimmering altar of Xom.
  1606 | D:2      | Reached ** piety under Lugonu
  1662 | D:2      | Reached XP level 4. HP: 42/42 MP: 5/5
  1736 | D:2      | Reached skill level 4 in Polearms
  2527 | D:3      | Reached XP level 5. HP: 41/49 MP: 6/6
  3005 | D:3      | Reached skill level 5 in Polearms
  3305 | D:3      | Reached XP level 6. HP: 43/56 MP: 7/7
  3373 | D:3      | Found a hazy altar of Hepliaklqana.
  3461 | D:3      | Reached *** piety under Lugonu
  3491 | D:3      | Reached skill level 6 in Polearms
  3689 | D:3      | Found a glowing golden altar of the Shining One.
  4088 | D:4      | Noticed Eustachio
  5076 | D:4      | Found a radiant altar of Vehumet.
  5143 | D:4      | Killed Eustachio
  5144 | D:4      | Reached skill level 7 in Polearms
  5144 | D:4      | Reached XP level 7. HP: 38/62 MP: 8/8
  5531 | D:5      | Entered Level 5 of the Dungeon
  5603 | D:5      | HP: 3/62 [white imp (2)]
  5605 | D:5      | HP: 1/93 [white imp (3)]
  5611 | D:5      | Slain by a hound

Illustrated notes

Levels and vault maps discovered:
D:1:      dpeg_arrival_refuge, layout_loops_corners
D:2:      layout_basic, lemuel_crystal_altar, serial_glass, glass_columns_a,
          glass_columns_b, glass_columns_c, glass_columns_b, glass_columns_a,
          glass_columns_a, glass_columns_a, glass_columns_a
D:3:      layout_basic, overflow_temple_1_default,
          nicolae_overflow_crystal_walls
D:4:      cheibrodos_greedy_goblins, layout_basic, vehumet_crystals,
          uniq_eustachio
D:5:      layout_basic, nicolae_ossuary_entry_plus

Skill      XL: |  1  2  3  4  5  6 |
---------------+-------------------+-----
Dodging        | 1 |  1.0
Polearms       | 3 4 5 7 |  7.6
Fighting       | |  3.1
Armour         | |  1.7
Invocations    | |  2.2

Action                   |  1- 3 |  4- 6 |  7- 9 || total
-------------------------+-------+-------+-------++-------
Melee: Spear             |    87 |       |       ||    87
       Trident           |     8 |   303 |    49 ||   360
 Abil: Spit Poison       |     4 |    13 |       ||    17
Evoke: Wand              |       |     1 |       ||     1
  Use: Potion            |       |       |     5 ||     5
 Stab: Distracted        |     1 |     1 |       ||     2
       Sleeping          |       |     2 |       ||     2
Armor: Leather armour    |    22 |    87 |    28 ||   137
Dodge: Dodged            |    38 |   154 |    37 ||   229

Table legend: (Time is in decaauts)
 A = Elapsed time spent in this place.
 B = Non-inter-level travel time spent in this place.
 C = Inter-level travel time spent in this place.
 D = Time resting spent in this place.
 E = Time spent auto-exploring this place.
 F = Levels seen in this place.
 G = Mean time per level.
                   A        B        C        D        E       F      G
               +--------+--------+--------+--------+--------+-----+--------+
         Total |   6687 |   6521 |    166 |   1400 |   4199 |   6 | 1114.5 |
       Dungeon |   6646 |   6480 |    166 |   1400 |   4199 |   5 | 1329.2 |
         Abyss |     40 |     40 |      0 |      0 |      0 |   1 |   40.0 |
               +--------+--------+--------+--------+--------+-----+--------+

Top non-repeatable levels by time:
     D:4: 1888 daAuts
     D:2: 1726 daAuts
     D:3: 1654 daAuts
     D:1: 1279 daAuts
     D:5: 97 daAuts
 Abyss:1: 40 daAuts
